 Dungeon Crawl Stone Soup version 0.29.1-12-g30fa7ad0bf (webtiles) character file.

Game seed: 1415399493559943433

13846 LLlMATKO the Fighter (level 11, -3/104 HPs)
             Began as a Minotaur Berserker on Dec 28, 2022.
             Was a High Priest of Trog.
             Slain by a troll (8 damage)
             ... on level 11 of the Dungeon.
             The game lasted 00:12:37 (12801 turns).

LLlMATKO the Fighter (Minotaur Berserker)          Turns: 12801, Time: 00:12:37

Health: -3/104     AC: 20    Str: 26    XL:     11   Next: 80%
Magic:  10/10      EV: 15    Int:  4    God:    Trog [*****.]
Gold:   745        SH:  0    Dex: 11    Spells: 10/10 levels left

rFire   + . .      SeeInvis .   j - +2 battleaxe (freeze)
rCold   + . .      Faith    .   (shield currently unavailable)
rNeg    . . .      Spirit   .   X - +1 plate armour
rPois   .          Reflect  .   (helmet restricted)
rElec   .          Harm     .   S - +0 cloak
rCorr   +          Rampage  .   f - +0 pair of gloves
Will    .....                   T - +0 pair of boots
Stlth   ..........              (no amulet)
HPRegen 0.27/turn               k - ring of Ugharhywk {rF+ rC+ rCorr EV+4 Str-5}
MPRegen 0.12/turn               I - +6 ring of strength

@: on berserk cooldown, slowed, very slow
A: horns 2, retaliatory headbutt
a: Renounce Religion, Berserk, Trog's Hand, Brothers in Arms


You were on level 11 of the Dungeon.
You worshipped Trog.
Trog was extremely pleased with you.
You visited 1 branch of the dungeon, and saw 11 of its levels.
You also visited: Ossuary.

You collected 745 gold pieces.

Inventory:

Hand Weapons
 i - a +0 dagger of venom
 j - a +2 battleaxe of freezing (weapon)
 o - a +1 war axe
Missiles
 e - 2 throwing nets
 q - a silver boomerang (quivered)
 t - 5 boomerangs
 H - 9 poisoned darts
 J - 3 javelins
 Q - a curare-tipped dart
 W - 2 boomerangs of dispersal
Armour
 f - a +0 pair of gloves (worn)
 S - a +0 cloak (worn)
 T - a +0 pair of boots (worn)
 X - a +1 plate armour (worn)
Jewellery
 k - the ring of Ugharhywk (left hand) {rF+ rC+ rCorr EV+4 Str-5}
   (You found it on level 2 of the Dungeon)

   [ring of evasion]

   EV:        It affects your evasion (+4).
   Str:       It affects your strength (-5).
   rF:        It protects you from fire.
   rC:        It protects you from cold.
   rCorr:     It protects you from acid and corrosion.
 C - a ring of protection from cold
 I - a +6 ring of strength (right hand)
 M - a +4 ring of evasion
 P - a +4 ring of evasion
Wands
 b - a wand of light (7)
 E - a wand of polymorph (13)
 L - a wand of roots (9)
 R - a wand of charming (5)
 U - a wand of mindburst (3)
Scrolls
 d - 2 scrolls of identify
 g - a scroll of enchant armour
 l - 2 scrolls of magic mapping
 v - 3 scrolls of poison {unknown}
 y - a scroll of noise {unknown}
 z - 5 scrolls of teleportation {unknown}
 A - 5 scrolls of amnesia {unknown}
 D - a scroll of brand weapon {unknown}
 F - 2 scrolls of vulnerability {unknown}
 K - 3 scrolls of fear {unknown}
Potions
 a - a potion of resistance {unknown}
 c - 4 potions of heal wounds {unknown}
 h - 12 potions of curing
 n - 5 potions of attraction {unknown}
 p - 3 potions of mutation {unknown}
 r - 3 potions of degeneration {unknown}
 s - 4 potions of invisibility {unknown}
 w - a potion of berserk rage {unknown}
 x - 3 potions of might {unknown}
 B - a potion of cancellation {unknown}
 G - a potion of flight {unknown}
 N - a potion of haste {unknown}
 O - a potion of brilliance {unknown}
 V - a potion of magic {unknown}


   Skills:
 + Level 12.1 Fighting
 + Level 12.1 Axes
 + Level 11.7 Armour
 + Level 10.8 Dodging


You had 10 spell levels left.
You didn't know any spells.
Your spell library was empty.

Dungeon Overview and Level Annotations

Branches:
Dungeon (11/15)            Temple (0/1) D:7            Lair (0/5) D:11
    Orc (0/2) D:9         Ossuary (visited)

Altars:
Ashenzari
Elyvilon
Fedhas
Gozag
Hepliaklqana
Kikubaaqudgha
Nemelex Xobeh
Qazlal
Ru
Sif Muna
Uskayaw
Vehumet
Zin

Shops:
D:5 *   D:7 :


Innate Abilities, Weirdness & Mutations

You have a pair of horns on your head.
You reflexively headbutt those who attack you in melee.


Message History

You hit the troll. You freeze the troll. Your headbutt misses the troll.
The troll is lightly wounded.
You slash the orc! You freeze the orc.
You kill the orc!
Trog accepts your kill.
You slash the manticore! You freeze the manticore.
The kobold brigand throws a poisoned dart.
The poisoned dart misses you. The troll misses you. You furiously retaliate!
You headbutt the troll! The troll claws you but does no damage.
The troll claws you.
* * * LOW HITPOINT WARNING * * *
The manticore bites you but does no damage.
The manticore claws you but does no damage.
The manticore claws you.
* * * LOW HITPOINT WARNING * * *
The troll barely misses you. You furiously retaliate!
You headbutt the troll, but do no damage.
The troll claws you but does no damage. The troll barely misses you.
The manticore misses you. The manticore barely misses you.
The manticore closely misses you.
Unknown command.
The barbs in your skin will harm you if you move.
Continue? [Y]es or [N]o only, please.
The barbs in your skin will harm you if you move.
Continue?
Okay, then.
As you read the scroll labelled YSCHAE OMOMEB, it crumbles to dust.
The creatures around you are filled with an inner flame!
It was a scroll of immolation.
You carefully extract the barbed spikes from your body.
The troll barely misses you. The troll completely misses you.
The troll claws you but does no damage. The manticore misses you.
The manticore completely misses you.
The manticore claws you but does no damage.
Unknown command.
As you read the scroll labelled WIMU YCEORO, it crumbles to dust.
The scroll dissolves into smoke.
It was a scroll of fog.
The kobold brigand hits you but does no damage.
The troll completely misses you. The troll closely misses you.
The troll claws you!
You die...

#. ##$ ###...# ..
..$$ .#....# #..
#$$ . #...# #.. $$$
##. #...# #.. #.###
#.# #...#####..
..§#
#.###...)......
#H###...#..........
#§@T.#.....<..[....
#§#K§.###.......)†.
#.§.###.#
#.....##### #.###
#.# #.....#.... ...
.#. #.....#.... #.#
# #.#.....#.... ...
#......#.... 8.#
.#.....#.... ..
####+


You could see a manticore (inner flame), a troll (inner flame) and a kobold
brigand (inner flame).

Vanquished Creatures
  5 two-headed ogres
  A tengu warrior (D:11)
  Nergalle (D:10)
  An ugly thing (D:11)
  A manticore (D:11)
  A gargoyle (D:11)
  A kobold demonologist (D:11)
  3 meliai (D:11)
  A slime creature (D:11)
  A vampire (D:11)
  9 yaks (D:10)
  2 vampire mosquitoes (D:11)
  A steam dragon (D:7)
  A water moccasin (D:8)
  2 orc warriors
  2 hornet zombies (Ossuary)
  3 sky beasts
  3 ice beasts
  4 ogres (D:5)
  3 centaurs
  4 phantoms
  3 kobold brigands
  4 bullfrogs
  A gnoll sergeant (D:8)
  2 scorpions
  A wyvern zombie (Ossuary)
  14 wights
  16 killer bees
  5 howler monkeys
  An electric eel (D:8)
  7 bullfrog zombies (Ossuary)
  4 jellies
  2 centaur zombies (Ossuary)
  3 hounds
  4 orc priests
  9 orc wizards
  2 killer bee zombies (Ossuary)
  2 howler monkey zombies (Ossuary)
  12 mummies (Ossuary)
  Robin (D:3)
  12 gnolls
  6 adders
  A shadow imp (D:6)
  3 white imps
  2 ufetubi
  2 worms
  A dart slug (D:5)
  85 orcs
  6 endoplasms
  12 giant cockroaches
  15 goblins
  7 hobgoblins
  8 jackals (D:3)
  21 kobolds
  6 quokkas
  7 ball pythons
  6 bats
  2 frilled lizards
  7 rats
  A butterfly (D:7)
353 creatures vanquished.

Vanquished Creatures (others)
  An orc warrior (D:11)
  10 withered plants (Ossuary)
11 creatures vanquished.

Grand Total: 364 creatures vanquished

Notes
Turn   | Place    | Note
-------+----------+-------------------------------------------
     0 | D:1      | LLlMATKO the Minotaur Berserker began the quest for the
                  | Orb.
     0 | D:1      | Reached XP level 1. HP: 19/19 MP: 0/0
   288 | D:1      | Reached XP level 2. HP: 26/27 MP: 1/1
  1166 | D:2      | Identified the ring of Ugharhywk {rF+ rC+ rCorr EV+4 Str-5}
  1332 | D:2      | Reached XP level 3. HP: 33/33 MP: 2/2
  1476 | D:2      | Reached ** piety under Trog
  2597 | D:3      | Reached XP level 4. HP: 40/41 MP: 3/3
  2622 | D:3      | Noticed Robin
  2634 | D:3      | Killed Robin
  2729 | D:3      | Reached *** piety under Trog
  2734 | D:3      | Identified the +8 dagger of Bihetsih {antimagic, Fly rF-
                  | rCorr Dex+2}
  3002 | D:3      | Reached XP level 5. HP: 46/47 MP: 4/4
  3159 | D:3      | Found a glowing silver altar of Zin.
  3159 | D:3      | Noticed an angel
  3497 | D:4      | Noticed a phantom
  3501 | D:4      | Killed a phantom
  3502 | D:4      | Reached skill level 5 in Fighting
  3502 | D:4      | Reached skill level 5 in Axes
  3512 | D:4      | Reached XP level 6. HP: 39/56 MP: 5/5
  4010 | D:4      | Found a faded altar of an unknown god.
  4012 | D:4      | Found a faded altar of an unknown god.
  4012 | D:4      | Found a hazy altar of Hepliaklqana.
  4212 | D:5      | Entered Level 5 of the Dungeon
  4219 | D:5      | Found a radiant altar of Vehumet.
  4224 | D:5      | Reached skill level 5 in Armour
  4224 | D:5      | Reached XP level 7. HP: 62/62 MP: 6/6
  4285 | D:5      | Found a sand-covered staircase.
  4289 | Ossuary  | Entered an ossuary
  4345 | Ossuary  | Reached skill level 5 in Dodging
  4714 | Ossuary  | Reached **** piety under Trog
  4731 | Ossuary  | Reached XP level 8. HP: 59/71 MP: 7/7
  5342 | D:5      | Found a hide-covered altar of Uskayaw.
  5372 | D:5      | Found Tuuwim's Fire Supplies.
  5490 | D:5      | Found a white marble altar of Elyvilon.
  5588 | D:5      | Found a stormy altar of Qazlal.
  6106 | D:5      | Found a sparkling altar of Nemelex Xobeh.
  6137 | D:5      | Found a sacrificial altar of Ru.
  6165 | D:5      | Found a broken altar of Ashenzari.
  6501 | D:6      | Reached XP level 9. HP: 61/81 MP: 8/8
  7234 | D:6      | Reached ***** piety under Trog
  7440 | D:7      | Found Cizoir's Self-Improvement Boutique.
  7649 | D:7      | Found a staircase to the Ecumenical Temple.
  8159 | D:8      | Found a transporter.
  8264 | D:8      | Found a transporter.
  8265 | D:8      | Found a transporter.
  8722 | D:8      | Reached XP level 10. HP: 61/89 MP: 9/9
  8977 | D:8      | Found a blossoming altar of Fedhas.
  8978 | D:8      | Found an ancient bone altar of Kikubaaqudgha.
  8978 | D:8      | Found a shimmering blue altar of Sif Muna.
  8979 | D:8      | Found an opulent altar of Gozag.
  9250 | D:8      | Found a transporter.
  9735 | D:9      | Found a staircase to the Orcish Mines.
  9933 | D:9      | Reached skill level 10 in Axes
  9947 | D:9      | Identified the +4 double sword of Atzom {flame, rPois rF+
                  | rN+ Dex-5} (Trog gifted it to you on level 9 of the
                  | Dungeon)
  9947 | D:9      | Received a gift from Trog
 10286 | D:9      | Reached skill level 10 in Fighting
 10694 | D:10     | Entered Level 10 of the Dungeon
 10697 | D:10     | Noticed a two-headed ogre
 10702 | D:10     | Killed a two-headed ogre
 10733 | D:10     | Noticed a two-headed ogre
 10752 | D:10     | Noticed Nergalle
 10755 | D:10     | Killed a two-headed ogre
 10756 | D:10     | Reached skill level 10 in Armour
 11075 | D:10     | Killed Nergalle
 11332 | D:10     | Reached XP level 11. HP: 89/101 MP: 10/10
 12144 | D:11     | Found a staircase to the Lair.
 12154 | D:11     | Noticed a two-headed ogre
 12158 | D:11     | Killed a two-headed ogre
 12253 | D:11     | Reached skill level 10 in Dodging
 12492 | D:11     | Noticed a two-headed ogre
 12500 | D:11     | Killed a two-headed ogre
 12776 | D:11     | Noticed a tengu warrior
 12777 | D:11     | Noticed a two-headed ogre
 12785 | D:11     | Killed a tengu warrior
 12786 | D:11     | Noticed a red ugly thing
 12790 | D:11     | Killed a two-headed ogre
 12792 | D:11     | Killed a red ugly thing
 12792 | D:11     | Noticed a wizard
 12799 | D:11     | HP: 5/104 [troll (6)]
 12801 | D:11     | Slain by a troll

Illustrated notes

Levels and vault maps discovered:
D:1:      elethiomel_arrival_maze, layout_loops_ring, corexii_leaking_fountain
D:2:      minmay_roachtagon, layout_basic, st_stairs_3
D:3:      layout_loops_ring, zin_angel, uniq_robin
D:4:      layout_basic, nicolae_hepliaklqana_ecumenical_no_more
D:5:      layout_basic, mainiacjoe_overflow_brackets, nicolae_vehumet_radiance,
          nemelex_xobeh_ov_fountains_minmay, nicolae_ru_the_path_less_chosen,
          nicolae_uskayaw_dance_hall, mainiacjoe_overflow_concentric_impassable,
          amcnicky_altar_gilded, enter_ossuary_5, nicolae_shop_fire_sale
          [nicolae_sub_dead_trees]
D:6:      layout_basic, minmay_misc_feat_square
D:7:      layout_basic, minmay_temple_entry_butterflies, nicolae_shop_self_help
D:8:      layout_basic, chequers_temple_overflow_statue_of_worship,
          serial_corexii_hall, corexii_hall_statues_deadend,
          chequers_hall_statues_corner_a, nicolae_transporter_circle
D:9:      layout_small_grid, hiddenorc2_lemuel, special_room [special_room_orc]
D:10:     layout_loops_ring, uniq_nergalle
D:11:     minmay_the_grid_square_5x5_5x5 [minmay_the_grid_square_5x5_v,
          minmay_the_grid_square_5x5_six, minmay_the_grid_square_5x5_tri_point,
          minmay_the_grid_square_5x5_fat_x, minmay_the_grid_square_5x5_longway,
          minmay_the_grid_square_5x5_corner,
          minmay_the_grid_square_5x5_prize_deathbox,
          minmay_the_grid_square_5x5_shrine1,
          minmay_the_grid_square_5x5_prize_pseudospiral,
          minmay_the_grid_square_5x5_trominoes,
          minmay_the_grid_square_5x5_broken_cross,
          minmay_the_grid_square_5x5_spiral,
          minmay_the_grid_square_5x5_prize_waves,
          minmay_the_grid_square_5x5_n_small,
          minmay_the_grid_square_5x5_gyroscope,
          minmay_the_grid_square_5x5_slash,
          minmay_the_grid_square_5x5_prize_gold,
          minmay_the_grid_square_5x5_comb,
          minmay_the_grid_square_5x5_prize_junk,
          minmay_the_grid_square_5x5_empty, minmay_the_grid_square_5x5_percent,
          minmay_the_grid_square_5x5_fancy_junction,
          minmay_the_grid_square_5x5_inner_z,
          minmay_the_grid_square_5x5_two_small,
          minmay_the_grid_square_5x5_hourglass], layout_irregular_city,
          uniq_fannar

Skill      XL: |  1  2  3  4  5  6  7  8  9 10 11 |
---------------+----------------------------------+-----
Fighting       | 4 5 6 7 9 10 12 | 12.1
Axes           | 4 5 6 8 9 10 12 | 12.1
Armour         | 3 4 5 7 8 10 11 | 11.7
Dodging        | 3 4 5 6 8 9 10 | 10.8

Action                   |  1- 3 |  4- 6 |  7- 9 | 10-12 || total
-------------------------+-------+-------+-------+-------++-------
Melee: Hand axe          |   104 |       |       |       ||   104
       Headbutt          |    15 |    16 |    50 |    41 ||   122
       War axe           |     7 |    75 |   275 |     9 ||   366
       Punch             |       |       |     4 |       ||     4
       Unarmed           |       |       |    10 |       ||    10
       Battleaxe         |       |       |       |   255 ||   255
Throw: Boomerang         |       |       |     1 |    14 ||    15
Invok: Berserk           |       |     1 |     4 |     7 ||    12
  Use: Scroll            |       |     3 |       |     3 ||     6
       Potion            |       |       |       |     1 ||     1
 Stab: Sleeping          |     1 |       |       |       ||     1
Armor: Animal skin       |     6 |       |       |       ||     6
       Scale mail        |    23 |    29 |    63 |       ||   115
       Chain mail        |       |       |    31 |    77 ||   108
       Skin              |       |       |     2 |       ||     2
       Plate armour      |       |       |       |    45 ||    45
Dodge: Dodged            |    68 |    59 |   251 |   230 ||   608
